AoeStats
← Aldomagno

Arena

510224655Analyzed
2v2 RM · 1d ago on Sep 30, 2026· 54m 10s· 4 players
Game mode
Random Map
Map size
Medium (4 player)
Population
200
Speed
Normal
Resources
Standard
Victory
Conquest
Starting age
Dark Age
Ending age
Imperial Age
RankedLock teamsTeams togetherTeam positionsShared explorationLock speedFull tech treeHidden civsTurbo modeCheats
Victory
Defeat
🇦🇷 Khmer · Argentina
777
+19
🇦🇷 Varangians · Argentina
733
+21
🇺🇸 Muisca · United States
852
-20
🇺🇸 Vietnamese · United States
847
-20
Aldomagno
6:43 Loom
12:05 Feudal Age
13:52 Double-Bit Axe
15:57 Wheelbarrow
15:31 Horse Collar
19:25 Castle Age
18:18 Gold Mining
18:32 Stone Mining
20:59 Forging
27:03 Heavy Plow
27:54 Hand Cart
28:39 Scale Barding Armor
29:04 Bow Saw
29:36 Husbandry
29:46 Bloodlines
31:27 Gold Shaft Mining
31:27 Stone Shaft Mining
32:36 Stone Shaft Mining
39:05 Imperial Age
37:30 Iron Casting
37:15 Chain Barding Armor
37:22 Loom
38:01 Ballistics
40:38 Masonry
41:05 Heavy Scorpion
43:05 Conscription
43:46 Double Crossbow
43:18 Elite Battle Elephant
45:14 Scale Mail Armor
46:15 Blast Furnace
45:35 Chain Barding Armor
46:40 Crop Rotation
47:26 Chemistry
47:28 Elite Ballista Elephant
ViejitaX
5:32 Loom
10:12 Feudal Age
10:52 Double-Bit Axe
17:26 Castle Age
16:48 Horse Collar
19:13 Arson
20:41 Wheelbarrow
23:49 Forging
24:49 Gold Mining
29:43 Imperial Age
27:29 Heavy Plow
28:37 Iron Casting
29:44 Hand Cart
31:04 Scale Mail Armor
32:21 Bow Saw
32:44 Crop Rotation
32:03 Elite Varangian Guard
34:22 Squires
35:54 Hand Cart
36:45 Blast Furnace
36:50 Stone Mining
37:52 Chain Mail Armor
38:19 Stone Shaft Mining
40:24 Two-Man Saw
40:03 Plate Mail Armor
40:29 Conscription
41:58 Capped Ram
44:40 Fletching
44:48 Murder Holes
45:19 Gothikon
45:58 Bodkin Arrow
46:01 Siege Ram
Gen
11:07 Feudal Age
15:28 Castle Age
13:57 Double-Bit Axe
13:55 Horse Collar
14:56 Scale Mail Armor
17:05 Bow Saw
18:08 Forging
19:29 Heavy Plow
29:54 Wheelbarrow
33:17 Imperial Age
32:27 Chain Mail Armor
34:01 Iron Casting
37:37 Plate Mail Armor
38:18 Hand Cart
37:59 Elite Temple Guard
38:29 Town Watch
39:06 Squires
44:18 Conscription
LXXIII
11:52 Feudal Age
12:43 Double-Bit Axe
15:31 Horse Collar
19:13 Castle Age
18:03 Gold Mining
18:54 Forging
19:00 Scale Mail Armor
20:15 Squires
20:01 Arson
20:38 Bow Saw
25:20 Iron Casting
25:10 Heavy Plow
25:55 Chain Mail Armor
28:55 Wheelbarrow
28:05 Loom
28:21 Treadmill Crane
37:24 Imperial Age
38:43 Plate Mail Armor
38:31 Murder Holes
39:15 Chatras
39:40 Bloodlines
39:33 Husbandry
41:14 Scale Barding Armor
42:26 Crop Rotation
45:41 Chain Barding Armor
45:14 Elite Battle Elephant
Connection lost

Rejoining the realm…

Still unreachable

The connection could not be restored.

Session expired

The server has moved on; the page needs a fresh start.